Map: Magannatha LE

Players

IlIlIlIlIlII

  • Race: Terran Terran
  • League: Diamond
  • Spawn Location: 5:00

SillyWilly - Winner!

  • Race: Protoss Protoss
  • League: Diamond
  • Spawn Location: 11:00

VOD

Have the link to the VOD?

Description

Time

  • Played on: July 27, 2025, 12:26 p.m.
  • Length: 10:37
Show
View Real Time Build Order
Export as new Build Order

IlIlIlIlIlII Terran 

Build Orders:  

Get SALT Encoding   

  12  0:02  SCV  
  14  0:14  SCV  
  14  0:18  Supply Depot  
  14  0:26  SCV  
  15  0:39  SCV  
  15  0:41  Barracks  
  16  0:45  Refinery  
  16  0:49  Refinery  
  16  0:52  SCV  
  17  1:04  SCV  
  18  1:19  SCV  
  19  1:28  Reaper  
  19  1:29  Barracks  
  19  1:32  Orbital Command  
  20  1:53  Supply Depot  
  20  2:01  Barracks Reactor  
  20  2:02  SCV  
  21  2:14  SCV  
  22  2:21  Factory  
  22  2:26  SCV  
  22  2:28  Marine  
  24  2:38  Marine  
  24  2:39  Marine  
  24  2:40  SCV  
  24  2:43  Supply Depot  
  27  2:46  Marine  
  28  2:52  SCV  
  28  2:56  Marine x2  
  31  3:04  Marine, SCV  
  33  3:06  Supply Depot  
  33  3:08  Factory Tech Lab  
  33  3:09  Starport  
  33  3:14  Marine  
  33  3:16  SCV  
  35  3:29  Marine, SCV  
  35  3:30  Cyclone  
  35  3:33  Marine  
  41  3:41  SCV  
  42  3:47  Command Center  
  42  3:50  Medivac  
  42  3:52  Marine  
  45  4:05  Marine x2  
  47  4:21  Marine  
  47  4:24  Marine x2  
  46  4:27  Cyclone  
  45  4:39  Marine  
  45  4:44  Marine  
  47  4:51  Supply Depot, Marine, Liberator  
  51  5:06  SCV  
  52  5:10  Refinery  
  52  5:12  Siege Tank  
  52  5:13  Marine  
  56  5:15  Command Center  
  56  5:21  Marine x2  
  58  5:35  Marine  
  58  5:36  Liberator  
  58  5:39  Marine  
  63  5:45  Marine  
  64  5:53  Marine  
  64  5:57  Marine  
  64  5:58  Siege Tank  
  64  6:00  SCV  
  64  6:03  Marine  
  70  6:05  Orbital Command  
  69  6:14  Marine  
  69  6:15  Marine  
  69  6:19  Medivac  
  71  6:28  Marine  
  65  6:38  Marine  
  65  6:39  Marine  
  66  6:46  Marine  
  66  6:56  Marine  
  66  6:58  Marine  
  66  6:59  Siege Tank  
  66  7:00  Medivac  
  72  7:04  Marine  
  73  7:14  Marine  
  70  7:16  Marine  
  70  7:21  Marine  
  68  7:32  Marine  
  68  7:34  Marine  
  68  7:35  Siege Tank  
  68  7:39  Marine  
  69  7:50  Marine  
  67  7:52  Marine  
  67  7:57  Marine  
  65  8:02  SCV  
  58  8:07  Marine, Siege Tank  
  58  8:10  Marine  
  56  8:14  SCV  
  56  8:15  Marine  
  50  8:24  Orbital Command  
  50  8:25  Marine  
  50  8:26  SCV  
  48  8:28  Marine  
  48  8:33  Marine  
  50  8:34  Medivac  
  50  8:39  Siege Tank, SCV  
  56  8:43  Marine  
  56  8:45  Marine  
  55  8:51  SCV  
  55  8:55  Marine  
  55  9:01  Marine  
  56  9:03  Barracks, Marine  
  57  9:13  Marine  
  57  9:15  Starport Reactor  
  58  9:19  Marine  
  59  9:29  Marine  
  59  9:31  Marine  
  60  9:36  Marine  
  60  9:47  Marine  
  60  9:49  Marine, Siege Tank  
  62  9:54  Marine  
  58  10:05  Marine  
  58  10:06  Marine  
  55  10:12  Marine  
Show
View Real Time Build Order
Export as new Build Order

SillyWilly Protoss - Winner!

Build Orders: 1 Gate Expand 

Get SALT Encoding   

  12  0:00  Probe  
  13  0:12  Probe  
  14  0:17  Pylon  
  14  0:24  Probe  
  15  0:33  Probe  
  15  0:37  Gateway  
  15  0:42  Probe  
  16  0:46  Assimilator  
  17  0:51  Probe  
  18  1:03  Probe  
  19  1:18  Nexus  
  19  1:28  Cybernetics Core  
  19  1:30  Probe  
  20  1:42  Probe  
  21  1:47  Pylon  
  21  1:55  Probe  
  21  1:59  Adept  
  21  2:06  Assimilator  
  21  2:07  Probe  
  24  2:19  Probe  
  24  2:21  Warp Gate  
  25  2:31  Probe  
  25  2:33  Probe  
  25  2:36  Shield Battery  
  27  2:41  Probe  
  27  2:42  Adept  
  27  2:43  Probe  
  30  2:48  Shield Battery  
  30  2:51  Probe  
  31  3:02  Probe  
  31  3:03  Probe  
  33  3:14  Probe  
  33  3:15  Probe  
  33  3:19  Twilight Council  
  35  3:20  Gateway  
  35  3:21  Stalker  
  35  3:26  Probe  
  38  3:27  Probe  
  39  3:34  Robotics Facility  
  39  3:38  Probe  
  39  3:39  Probe  
  41  3:46  Pylon  
  41  3:50  Probe  
  41  3:55  Probe  
  43  3:58  Assimilator  
  43  4:00  Pylon  
  43  4:02  Probe  
  44  4:05  Blink  
  44  4:10  Stalker  
  45  4:21  Stalker  
  41  4:43  Stalker  
  41  4:44  Stalker  
  41  4:45  Probe  
  46  4:46  Probe  
  46  4:52  Observer  
  48  4:57  Probe  
  48  4:58  Probe  
  50  5:00  Gateway  
  50  5:01  Gateway  
  48  5:07  Stalker x2  
  48  5:09  Probe  
  48  5:10  Probe  
  54  5:18  Pylon  
  52  5:21  Probe  
  52  5:22  Probe  
  52  5:25  Observer, Pylon  
  55  5:35  Stalker x2  
  59  5:37  Probe x2  
  59  5:41  Assimilator  
  61  5:49  Probe  
  62  5:53  Probe, Warp Prism  
  65  5:59  Charge  
  65  6:01  Probe  
  66  6:05  Nexus  
  66  6:06  Pylon  
  66  6:16  Probe x2  
  66  6:17  Stalker x2  
  66  6:18  Stalker  
  73  6:28  Probe  
  70  6:55  Stalker x4  
  76  7:16  Probe  
  76  7:17  Probe  
  64  7:36  Stalker x4  
  68  7:52  Immortal, Probe  
  71  8:00  Stalker x4  
  73  8:24  Stalker  
  73  8:25  Stalker x3  
  81  8:28  Probe  
  81  8:30  Probe  
  83  8:37  Probe  
  83  8:40  Probe, Shield Battery  
  85  8:42  Probe, Warp Prism  
  88  8:49  Probe  
  88  8:53  Probe  
  88  8:54  Probe  
  91  9:03  Probe  
  91  9:05  Probe  
  91  9:06  Zealot  
  91  9:07  Sentry x2, Zealot  
  101  9:21  Gateway  
  101  9:22  Gateway  
  101  9:26  Gateway x2  
  101  9:27  Pylon  
  101  9:28  Pylon  
  101  9:31  Robotics Bay  
  101  9:32  Assimilator  
  101  9:35  Probe, Assimilator  
  101  9:36  Gateway, Probe  
  101  9:37  Gateway  
  101  9:39  Pylon  
  101  9:45  Forge  
  101  9:51  Zealot x3  
  101  9:52  Zealot  
  109  9:53  Immortal  
  105  10:24  Zealot x2  
  105  10:25  Zealot x5  
  105  10:26  Zealot  
Tags
 
Add a new tag
Caveats
  • Supply blocks, unpowered buildings, or Contaminate may cause inaccurate times.
  • Supply counts are checked every 10 seconds.